 Dungeon Crawl Stone Soup version 0.28.0-53-g5a82cb258f (webtiles) character file.

Game seed: 9741981708230585126

16 LynnLen the Sneak (level 2, 0/15 HPs)
             Began as a Vampire Enchanter on Aug 17, 2022.
             Slain by a ball python (2 damage)
             ... on level 1 of the Dungeon.
             The game lasted 00:01:19 (625 turns).

LynnLen the Sneak (Vampire Enchanter)                Turns: 625, Time: 00:01:20

Health: 0/15       AC:  2    Str:  7    XL:     2   Next: 37%
Magic:  5/5        EV:  9    Int: 17    God:
Gold:   4          SH:  0    Dex: 14    Spells: 5/5 levels left

rFire   . . .      SeeInvis +   a - +1 dagger
rCold   + + .      Faith    .   (no shield)
rNeg    + + +      Spirit   .   b - +0 robe
rPois   ∞          Reflect  .   (no helmet)
rElec   .          Harm     .   (no cloak)
rCorr   .          Rampage  .   (no gloves)
Will    .....                   (no boots)
Stlth   +++++.....              (no amulet)
HPRegen 0.00/turn               (no ring)
MPRegen 0.09/turn               (no ring)

@: bloodless, inhibited regen, constricted
A: bloodless, fangs 3, see invisible, vampiric 1
a: Revivify


You were on level 1 of the Dungeon.
You visited 1 branch of the dungeon, and saw 1 of its levels.

You collected 4 gold pieces.

Inventory:

Hand Weapons
 a - a +1 dagger (weapon)
Armour
 b - a +0 robe (worn)
 f - a +0 robe of cold resistance
Scrolls
 g - a scroll of fear {unknown}
Potions
 c - a potion of invisibility
 d - a potion of berserk rage {unknown}
 e - 2 potions of resistance {unknown}


   Skills:
 + Level 2.0 Short Blades
 - Level 2.1 Dodging
 + Level 5.1 Stealth
 - Level 2.0 Spellcasting
 - Level 4.4 Hexes


You had 5 spell levels left.
You didn't know any spells.
Your spell library contained the following spells:

 Spells                   Type           Power      Damage    Failure   Level
 Slow                     Hex            64%        N/A       3%          1
 Confusing Touch          Hex            16%        N/A       10%         3
 Tukima's Dance           Hex            16%        N/A       10%         3
 Ensorcelled Hibernation  Hex/Ice        18%        N/A       12%         2
 Dazzling Flash           Conj/Hex       18%        N/A       24%         3
 Vampiric Draining        Necr           1%         2d6       50%         3


Dungeon Overview and Level Annotations

Branches:
Dungeon (1/15)

Altars:


Innate Abilities, Weirdness & Mutations

You do not regenerate when monsters are visible.
You are frail without blood (-20% HP).
You can heal yourself when you bite living creatures.
You are immune to poison.
You have razor-sharp teeth.
You have supernaturally acute eyesight. (SInv)
You are afflicted with vampirism.


Message History

The ball python bites you. The ball python misses you.
The endoplasm barely misses you. The ball python misses you.
The ball python completely misses you.
You hit the endoplasm.
The endoplasm is severely wounded.
The ball python completely misses you. The ball python grabs you.
The ball python constricts you. The ball python barely misses you.
The endoplasm hits you but does no damage.
You escape the ball python's grasp.
You hit the ball python but do no damage.
Your punch misses the ball python. The ball python barely misses you.
The ball python grabs you. The ball python constricts you.
You hit the ball python.
The ball python is severely wounded.
The bat barely misses you. The ball python bites you.
The ball python constricts you. The bat hits you but does no damage.
You hit the ball python.
You kill the ball python!
The bat closely misses you. x2
You hit the endoplasm.
You kill the endoplasm!
The bat hits you but does no damage.
You closely miss the ball python. The ball python barely misses you.
The ball python grabs you. The ball python constricts you. The bat misses you.
You closely miss the ball python. The bat barely misses you.
The ball python bites you. The ball python constricts you.
* * * LOW HITPOINT WARNING * * *
You closely miss the ball python. The bat barely misses you.
The ball python bites you but does no damage.
The ball python constricts you.
* * * LOW HITPOINT WARNING * * *
You hit the ball python but do no damage.
The bat hits you but does no damage.
The ball python bites you but does no damage.
The ball python constricts you. The bat hits you.
* * * LOW HITPOINT WARNING * * *
You hit the ball python.
The ball python is heavily wounded.
The bat hits you but does no damage. x2; The ball python bites you.
You die...

..##.....## .
...#.......####
##....##.###.....#
.........######.##
##.#..#..# #...# .....#..#
#...# ......# #...######
.###.##.##.# #........#
.......†S@b#####...####.#
..#####.###.............#.
#...................
#....###.............#.
#.##:# ######...†....##
#.# #...###### ..# #...#
### #...# #...#


You could see a bat and a ball python.

Vanquished Creatures
  3 endoplasms (D:1)
  A giant cockroach (D:1)
  A goblin (D:1)
  2 hobgoblins (D:1)
  2 quokkas (D:1)
  2 ball pythons (D:1)
  A frilled lizard (D:1)
  A rat (D:1)
13 creatures vanquished.

Notes
Turn   | Place    | Note
-------+----------+-------------------------------------------
     0 | D:1      | LynnLen the Vampire Enchanter began the quest for the Orb.
     0 | D:1      | Reached XP level 1. HP: 13/13 MP: 3/3
   468 | D:1      | Reached XP level 2. HP: 12/15 MP: 5/5
   503 | D:1      | Reached skill level 5 in Stealth
   625 | D:1      | Slain by a ball python

Illustrated notes

Levels and vault maps discovered:
D:1:      wander_arrival_lonely_grave, layout_loops_cross,
          basic_ecumenical_altar

Skill      XL: |  1  2 |
---------------+-------+-----
Stealth        | 5 |  5.1
Short Blades   | 2 |  2.0
Dodging        | |  2.1
Spellcasting   | |  2.0
Hexes          | |  4.4

Action                   || total
-------------------------++-------
Melee: Dagger            ||    45
       Bite              ||     4
 Abil: Exsanguinate      ||     1
 Stab: Sleeping          ||     6
Armor: Robe              ||    13
Dodge: Dodged            ||    35
